 Dungeon Crawl Stone Soup version 0.30-a0-782-ge64f9170bb (webtiles) character file.

Game seed: 1153772705180560033

5074 Flugkiller the Ducker (level 10, -1/53 HPs)
             Began as a Vine Stalker Hedge Wizard on Feb 25, 2023.
             Was a Believer of Okawaru.
             Slain by a freezing wraith (5 damage)
             ... on level 8 of the Dungeon.
             The game lasted 00:23:12 (10113 turns).

Flugkiller the Ducker (Vine Stalker Hedge Wizard)  Turns: 10113, Time: 00:23:12

Health: -1/53      AC:  6    Str: 12    XL:     10   Next: 56%
Magic:  0/20       EV: 16    Int: 20    God:    Okawaru [**....]
Gold:   481        SH:  0    Dex: 19    Spells: 12/21 levels left

rFire   . . .      SeeInvis .    a - +3 short sword
rCold   + + .      Faith    .    (no shield)
rNeg    . . .      Spirit   +    y - +1 robe {rC+ rF+}
rPois   .          Reflect  .    j - +2 helmet
rElec   .          Harm     .    (no cloak)
rCorr   .          Rampage  .    (no gloves)
Will    +....                    (no boots)
Stlth   +++                      (no amulet)
HPRegen 1.08/turn                i - +6 ring of intelligence
MPRegen 0.17/turn                f - ring of ice

@: hasted and slowed, studying 2 skills
A: fangs 3, regeneration 1, magic shield, antimagic bite, no potion heal 2
a: Renounce Religion, Heroism


You were on level 8 of the Dungeon.
You worshipped Okawaru.
Okawaru was pleased with you.
You visited 2 branches of the dungeon, and saw 10 of its levels.

You collected 481 gold pieces.

Inventory:

Hand Weapons
 a - a +3 short sword (weapon)
   (You found it on level 3 of the Dungeon)
 s - a +0 vampiric dagger
   (You took it off a goblin on level 3 of the Dungeon)
 w - a +0 rapier
   (You found it on level 5 of the Dungeon)
 A - a +1 broad axe
   (You took it off an orc warrior on level 7 of the Dungeon)
 G - a +4 falchion of freezing
   (You took it off a wight on level 8 of the Dungeon)
Missiles
 l - 4 poisoned darts
Armour
 c - a +0 hat
 j - a +2 helmet (worn)
   (You found it on level 4 of the Dungeon)
 y - a +1 robe of resistance (worn)
   (You took it off Psyche on level 8 of the Dungeon)
 B - a scarf of invisibility
   (You found it on level 7 of the Dungeon)
Magical Staves
 b - a staff of conjuration
   (You found it on level 5 of the Dungeon)
 F - a staff of cold
   (You found it on level 2 of the Dungeon)
Jewellery
 f - a ring of ice (right hand)
   (You found it on level 5 of the Dungeon)
 i - a +6 ring of intelligence (left hand)
   (You took it off a kobold on level 1 of the Dungeon)
 u - a ring of fire
   (You found it on level 4 of the Dungeon)
Wands
 x - a wand of iceblast (2)
   (You found it on level 8 of the Dungeon)
 E - a wand of flame (26)
   (You took it off Psyche on level 8 of the Dungeon)
Scrolls
 e - 2 scrolls of summoning
 g - 4 scrolls of magic mapping
 k - a scroll of immolation
 m - 2 scrolls of fog
 o - a scroll of vulnerability
 p - 3 scrolls of fear
 r - a scroll of identify
 t - 6 scrolls of teleportation
 D - a scroll of poison
 H - 2 scrolls of enchant armour
Potions
 d - 2 potions of magic
 h - a potion of haste
 n - a potion of resistance
 q - 5 potions of curing
 v - a potion of cancellation
 z - 3 potions of lignification
 C - a potion of brilliance {unknown}


   Skills:
 + Level 6.7 Fighting
 - Level 4.6(5.0) Short Blades
 + Level 2.8(4.1) Long Blades
 - Level 2.3 Axes
 - Level 7.0 Dodging
 - Level 4.0 Stealth
 - Level 6.0 Spellcasting
 - Level 3.0 Conjurations
 - Level 2.0 Summonings
 - Level 1.0 Translocations
 - Level 3.0 Air Magic
 - Level 3.0 Poison Magic
 - Level 3.0 Invocations


You had 12 spell levels left.
You knew the following spells:

 Your Spells              Type           Power      Damage    Failure   Level
a - Magic Dart            Conj           72%        1d6       3%          1
b - Call Imp              Summ           14%        N/A       7%          2
c - Slow                  Hex            24%        N/A       11%         1
d - Mephitic Cloud        Conj/Pois/Air  18%        N/A       9%          3
r - Blink                 Tloc           20%        N/A       11%         2

Your spell library contained the following spells:

 Spells                   Type           Power      Damage    Failure   Level
 Kiss of Death            Conj/Necr      48%        2d9       5%          1
 Cigotuvi's Dreadful Rot  Necr/Pois/Air  28%        N/A       7%          2
 Gell's Gravitas          Tloc           10%        N/A       21%         3
 Teleport Other           Tloc           10%        N/A       21%         3
 Dispel Undead            Necr           6%         3d8       71%         4
 Dispersal                Tloc           5%         N/A       100%        6
 Haunt                    Necr/Summ      Unusable   N/A       N/A         7
 Infestation              Necr           Unusable   N/A       N/A         8

Dungeon Overview and Level Annotations

Branches:
Dungeon (9/15) Zot: 26675  Temple (1/1) D:7 Zot: 5549
   Lair: D:8-11         Orc: D:9-12

Altars:
Ashenzari
Cheibriados
Dithmenos
Elyvilon
Fedhas
Gozag
Hepliaklqana
Kikubaaqudgha
Makhleb
Nemelex Xobeh
Okawaru
Qazlal
Ru
Sif Muna
Trog
Uskayaw
Wu Jian
Xom
Yredelemnul
Zin
The Shining One

Shops:
D:2 (   D:4 !

Annotations:
D:2 exclusion: downstairs
D:8 exclusion: downstairs
D:9 exclusion: rakshasa


Innate Abilities, Weirdness & Mutations

You have razor-sharp teeth.
Your natural rate of healing is unusually fast.
When hurt, damage is shared between your health and your magic reserves.
Your bite disrupts and absorbs the magic of your enemies.
Potions cannot restore your health.


Message History

There is a stone staircase leading up here.
Casting: Slow (safe; 11% risk of failure)
Confirm with . or Enter, or press ? or * to list all spells.
Aiming: Slow (safe; 11% risk of failure)
Press: ? - help, Shift-Dir - straight line, f - freezing wraith
Aim: a freezing wraith (chance to affect: 23%)
The freezing wraith seems to slow down.
Casting: Slow (safe; 11% risk of failure)
Confirm with . or Enter, or press ? or * to list all spells.
Aiming: Slow (safe; 11% risk of failure)
Press: ? - help, Shift-Dir - straight line, f/p - freezing wraith
Aim: a freezing wraith (slow, chance to affect: 23%)
The freezing wraith resists with almost no effort.
Casting: Slow (safe; 11% risk of failure)
Confirm with . or Enter, or press ? or * to list all spells.
Aiming: Slow (safe; 11% risk of failure)
Press: ? - help, Shift-Dir - straight line, f/p - freezing wraith
Aim: a freezing wraith (slow, chance to affect: 23%)
The freezing wraith seems to slow down.
Casting: Slow (safe; 11% risk of failure)
Confirm with . or Enter, or press ? or * to list all spells.
Aiming: Slow (safe; 11% risk of failure)
Press: ? - help, Shift-Dir - straight line, f/p - freezing wraith
Aim: a freezing wraith (slow, chance to affect: 23%)
The freezing wraith resists with almost no effort.
You barely miss the freezing wraith.
You hit the freezing wraith but do no damage.
The freezing wraith completely misses you.
The freezing wraith misses you.
You barely miss the freezing wraith.
You punch the freezing wraith, but do no damage.
You bite the freezing wraith! You drain its power.
You feel invigorated.
The freezing wraith is lightly damaged.
You hit the freezing wraith but do no damage.
The freezing wraith is lightly damaged.
The freezing wraith hits you! The freezing wraith freezes you. You resist.
The freezing wraith hits you.
You climb upwards.
Level annotation: exclusion: downstairs
There is a stone staircase leading down, spattered with blood here.
You hit the freezing wraith but do no damage.
You bite the freezing wraith. You drain its power.
You feel invigorated.
The freezing wraith is moderately damaged.
The freezing wraith closely misses you. x2
You completely miss the freezing wraith.
The freezing wraith is moderately damaged.
The freezing wraith is no longer moving slowly.
You hit the freezing wraith but do no damage.
You punch the freezing wraith.
You bite the freezing wraith, but do no damage.
The freezing wraith is moderately damaged.
The freezing wraith hits you. The freezing wraith freezes you. You resist.
The freezing wraith hits you! The freezing wraith drains your vigour!
You feel yourself slow down.
You are too injured to fight recklessly!
You are too injured to fight recklessly!
You hit the freezing wraith.
The freezing wraith is moderately damaged.
The freezing wraith closely misses you. The freezing wraith barely misses you.
You hit the freezing wraith but do no damage.
You bite the freezing wraith. You drain its power.
You feel invigorated.
The freezing wraith is moderately damaged.
The freezing wraith hits you! The freezing wraith freezes you. You resist.
The freezing wraith misses you.
Unknown command.
Casting: Slow (safe; 11% risk of failure)
Confirm with . or Enter, or press ? or * to list all spells.
You blink.
The freezing wraith hits you. The freezing wraith freezes you. You resist.
The freezing wraith closely misses you.
Casting: Blink (safe; 11% risk of failure)
Confirm with . or Enter, or press ? or * to list all spells.
You are still too unstable to blink.
Unknown command.
You see here a +0 shortbow.
The freezing wraith attacks as you move away!
The freezing wraith completely misses you.
The freezing wraith hits you! x2
* * * LOW HITPOINT WARNING * * *
The freezing wraith freezes you! You resist.
* * * LOW HITPOINT WARNING * * *
The freezing wraith hits you but does no damage.
Okay, then.
Okay, then.
You feel yourself speed up.
You feel stable enough to blink again. The freezing wraith barely misses you.
The freezing wraith hits you!
* * * LOW HITPOINT WARNING * * *
The freezing wraith drains your vigour!
You feel as though you will be slow longer.
Unknown command.
The freezing wraith attacks as you move away!
The freezing wraith hits you but does no damage. x2
The freezing wraith attacks as you move away!
The freezing wraith barely misses you.
The freezing wraith completely misses you.
The freezing wraith attacks as you move away!
The freezing wraith hits you!
* * * LOW HITPOINT WARNING * * *
The freezing wraith freezes you. You resist.
You die...

......# ############
......## #..........#
.......# #.....[>...#
.....#.###........(.#
.....#.##...........#
..........###.......####
.....###.##.##).[......#
...#.###.#.#.#.#.#.#.#.#
####.....#.#.#.#@#.#[#.##
# ##..#.#.#.#.#W#.#)#..#
# #..#.##.#.#.#[#[#.#.#
#####.....#############.#
........................#
..........#######.#######
.....)............#
..........#########
.........##


You could see a freezing wraith.

Vanquished Creatures
  Psyche (D:8)
  A troll (D:8)
  Prince Ribbit (D:7)
  A wyvern (D:8)
  An acid dragon (D:8)
  3 water moccasins
  2 black bears
  3 orc warriors
  2 sky beasts
  6 centaurs
  2 ogres
  2 bullfrogs
  2 gnoll sergeants
  3 scorpions
  6 necrophages
  9 wights
  3 killer bees (D:6)
  A howler monkey (D:8)
  3 gnoll boudas
  2 jellies
  2 hounds
  3 orc priests
  2 iguanas
  9 orc wizards
  20 gnolls
  4 shadow imps
  A white imp (D:6)
  2 ufetubi (D:6)
  A worm (D:2)
  21 orcs
  9 bats
  4 endoplasms
  A giant cockroach (D:1)
  10 goblins
  14 hobgoblins
  A jackal (D:1)
  6 quokkas
  8 ball pythons
  7 kobolds
  4 rats (D:1)
183 creatures vanquished.

Vanquished Creatures (collateral kills)
  A black bear (D:4)
  A hound (D:5)
  An orc wizard (D:5)
  2 gnolls
  A worm (D:2)
  A dart slug (D:2)
  2 orcs (D:4)
  3 endoplasms
  A giant cockroach (D:1)
  2 goblins
  A hobgoblin (D:2)
  4 jackals (D:2)
  A ball python (D:3)
21 creatures vanquished.

Vanquished Creatures (others)
  A killer bee (D:6)
1 creature vanquished.

Grand Total: 205 creatures vanquished

Notes
Turn   | Place    | Note
-------+----------+-------------------------------------------
     0 | D:1      | Flugkiller the Vine Stalker Hedge Wizard began the quest
                  | for the Orb.
     0 | D:1      | Reached XP level 1. HP: 9/9 MP: 5/5
   420 | D:1      | Reached XP level 2. HP: 14/14 MP: 4/7
   449 | D:1      | Learned a level 2 spell: Call Imp
   911 | D:1      | Reached XP level 3. HP: 17/17 MP: 7/9
   933 | D:1      | Reached skill level 1 in Fighting
  1290 | D:1      | Got the Folio of Rot
  2151 | D:2      | Gained mutation: Your natural rate of healing is unusually
                  | fast. [Vine Stalker growth]
  2151 | D:2      | Reached XP level 4. HP: 22/22 MP: 3/11
  2441 | D:2      | Found Etane's Weapon Shoppe.
  2582 | D:2      | Found a faded altar of an unknown god.
  2707 | D:2      | Learned a level 2 spell: Blink
  2709 | D:2      | Learned a level 1 spell: Slow
  2713 | D:2      | Learned a level 3 spell: Mephitic Cloud
  3068 | D:3      | Reached XP level 5. HP: 26/26 MP: 4/13
  3251 | D:3      | Reached skill level 5 in Spellcasting
  3793 | D:4      | Noticed a centaur
  3793 | D:4      | Noticed a centaur
  3826 | D:3      | Reached skill level 1 in Air Magic
  3826 | D:3      | Reached skill level 1 in Poison Magic
  3826 | D:3      | Reached XP level 6. HP: 29/30 MP: 14/14
  3941 | D:4      | Noticed a black bear
  3988 | D:4      | Killed a black bear
  4296 | D:4      | Found Entejul's Distillery.
  4334 | D:4      | Found a shadowy altar of Dithmenos.
  4515 | D:4      | Reached XP level 7. HP: 23/35 MP: 4/16
  4666 | D:5      | Entered Level 5 of the Dungeon
  5204 | D:5      | Reached skill level 1 in Short Blades
  5204 | D:5      | Reached skill level 2 in Dodging
  5372 | D:5      | Gained mutation: You have razor-sharp teeth. [Vine Stalker
                  | growth]
  5372 | D:5      | Reached XP level 8. HP: 39/39 MP: 18/18
  5952 | D:6      | Reached skill level 3 in Dodging
  6200 | D:6      | Found a blossoming altar of Fedhas.
  6344 | D:6      | Reached skill level 4 in Dodging
  6384 | D:6      | Reached XP level 9. HP: 35/45 MP: 17/19
  6482 | D:6      | Reached skill level 5 in Dodging
  7563 | D:7      | Noticed Prince Ribbit
  7757 | D:7      | Found a staircase to the Ecumenical Temple.
  7763 | Temple   | Entered the Ecumenical Temple
  8193 | Temple   | Became a worshipper of Warmaster Okawaru
  8290 | D:7      | Killed Prince Ribbit
  8291 | D:7      | Reached skill level 5 in Fighting
  8410 | D:7      | Found an ornate altar of the Wu Jian Council.
  8516 | D:8      | Reached skill level 6 in Dodging
  8765 | D:8      | Reached * piety under Okawaru
  8780 | D:7      | Reached XP level 10. HP: 42/53 MP: 20/20
  8881 | D:8      | Noticed Psyche
  8893 | D:8      | Killed Psyche
  8894 | D:8      | Reached skill level 7 in Dodging
  8894 | D:8      | Reached skill level 1 in Invocations
  8897 | D:8      | Reached ** piety under Okawaru
  9344 | D:8      | Reached skill level 1 in Axes
  9618 | D:8      | Reached skill level 1 in Long Blades
  9805 | D:9      | Noticed a rakshasa
 10113 | D:8      | Slain by a freezing wraith

Illustrated notes

Levels and vault maps discovered:
D:1:      elethiomel_arrival_maze, layout_basic, amcnicky_mini_pool_small,
          hangedman_decor_growths, roderic_serpentine_path,
          chequers_serial_rivers_micro_a, minmay_octomino_c4
D:2:      layout_rooms, serial_shops, shop_fountains,
          dilly_ecumenical_altar_fadedgnrine
D:3:      layout_rooms
D:4:      layout_rooms, nicolae_dithmenos_shadow_blocks, serial_shops,
          shop_fountains, supply_closet_lemuel, hex_medium, minmay_manual_mares
D:5:      layout_basic, minmay_checkerbox
D:6:      layout_basic, fedhas_bush_and_centaur_altar, st_stairs_2
D:7:      layout_cave_pools, nicolae_wu_jian_immortal_techniques,
          minmay_temple_entry_fiery, uniq_prince_ribbit1
D:8:      layout_rooms, grunt_ministairs_1, minmay_manual_maat, uniq_psyche
D:9:      hangedman_cross_stitches, layout_rooms, hangedman_feature_mirror
Temple:   hc_temple_tempest_star

Skill      XL: |  1  2  3  4  5  6  7  8  9 10 |
---------------+-------------------------------+-----
Fighting       | 1 2 4 5 6 |  6.7
Spellcasting   | 4 5 6 |  6.0
Conjurations   | 2 3 |  3.0
Air Magic      | 1 2 3 |  3.0
Poison Magic   | 1 2 3 |  3.0
Summonings     | 2 |  2.0
Short Blades   | 1 3 4 |  4.6
Dodging        | 2 4 6 7 |  7.0
Stealth        | 4 |  4.0
Invocations    | 3 |  3.0
Axes           | 2 |  2.3
Long Blades    | 2 |  2.8
Translocations | |  1.0

Action                     |  1- 3 |  4- 6 |  7- 9 | 10-12 || total
---------------------------+-------+-------+-------+-------++-------
  Melee: Dagger            |    30 |    16 |       |       ||    46
         Bite              |     7 |     6 |    86 |    53 ||   152
         Short sword       |       |    16 |   261 |   156 ||   433
         Punch             |       |       |     8 |     4 ||    12
   Cast: Magic Dart        |    69 |    98 |    69 |     9 ||   245
         Call Imp          |     7 |    24 |    19 |       ||    50
         Blink             |       |     1 |     2 |     2 ||     5
         Mephitic Cloud    |       |     1 |    30 |     4 ||    35
         Slow              |       |       |     1 |     5 ||     6
 Invoke: Heroism           |       |       |       |     1 ||     1
  Evoke: Wand              |       |       |       |     1 ||     1
    Use: Scroll            |       |     8 |     5 |     4 ||    17
         Potion            |       |       |     1 |     1 ||     2
   Stab: Sleeping          |     2 |       |     3 |     2 ||     7
         Distracted        |       |       |     4 |       ||     4
         Confused          |       |       |    16 |     6 ||    22
         Petrified         |       |       |       |     2 ||     2
 Armour: Robe              |     8 |    19 |    58 |    19 ||   104
  Dodge: Dodged            |    20 |    54 |   118 |   108 ||   300

Table legend: (Time is in decaauts)
 A = Elapsed time spent in this place.
 B = Non-inter-level travel time spent in this place.
 C = Inter-level travel time spent in this place.
 D = Time resting spent in this place.
 E = Time spent auto-exploring this place.
 F = Levels seen in this place.
 G = Mean time per level.
                   A        B        C        D        E       F      G
               +--------+--------+--------+--------+--------+-----+--------+
         Total |  10053 |   9289 |    764 |   2473 |   4247 |  10 | 1005.3 |
       Dungeon |   9603 |   8885 |    718 |   2473 |   3863 |   9 | 1067.0 |
        Temple |    450 |    404 |     46 |      0 |    384 |   1 |  450.0 |
               +--------+--------+--------+--------+--------+-----+--------+

Top non-repeatable levels by time:
     D:1: 1941 daAuts
     D:6: 1535 daAuts
     D:5: 1113 daAuts
     D:8: 1103 daAuts
     D:7: 1009 daAuts
     D:4: 948 daAuts
     D:2: 941 daAuts
     D:3: 902 daAuts
  Temple: 450 daAuts
     D:9: 108 daAuts
